 Dungeon Crawl Stone Soup version 0.31-a0-202-g547052bce9 (webtiles) character file.

Game seed: 9071769660355630541

91 qw the Shooter (level 4, -1/25 HPs)
             Began as a Deep Elf Hunter on June 26, 2023.
             Slain by a river rat (4 damage)
             ... on level 3 of the Dungeon.
             The game lasted 00:00:38 (1524 turns).

qw the Shooter (Deep Elf Hunter)                    Turns: 1524, Time: 00:00:39

Health: -1/25      AC:  4    Str: 10    XL:     4   Next: 33%
Magic:  6/6        EV: 12    Int: 14    God:
Gold:   90         SH:  0    Dex: 18    Spells: 3/3 levels left

rFire   . . .        Y - +1 shortbow
rCold   . . .        (shield currently unavailable)
rNeg    . . .        c - +0 leather armour
rPois   .            a - +0 helmet
rElec   .            (no cloak)
rCorr   .            (no gloves)
SInv    .            (no boots)
Will    .....        (no amulet)
Stlth   +            (no ring)
HPRegen 0.24/turn    (no ring)
MPRegen 0.10/turn

%: no passive effects
@: very slow
A: no striking features
a: no special abilities


You were on level 3 of the Dungeon.
You visited 1 branch of the dungeon, and saw 3 of its levels.

You collected 90 gold pieces.


   Skills:
 - Level 1.5 Fighting
 + Level 7.7 Ranged Weapons
 - Level 2.4 Dodging
 - Level 1.2 Stealth


You had 3 spell levels left.
You didn't know any spells.
Your spell library was empty.

Inventory:

Hand Weapons
 Y - a +1 shortbow (weapon)
Armour
 a - a +0 helmet (worn)
 c - a +0 leather armour (worn)
Scrolls
 e - a scroll of identify
Potions
 b - a potion of curing
 d - a potion of might {unknown}
 j - a potion of brilliance {unknown}
 k - a potion of lignification {unknown}

Dungeon Overview and Level Annotations

Branches:
Dungeon (3/15)

Altars:


Message History

The river rat bites you!
You shoot an arrow.
The arrow hits the river rat but does no damage.
The river rat bites you but does no damage.
You shoot an arrow.
The arrow hits the river rat but does no damage.
The river rat bites you but does no damage.
You shoot an arrow.
The arrow hits the river rat but does no damage.
The river rat bites you but does no damage.
You shoot an arrow. The arrow closely misses the river rat.
The river rat bites you but does no damage.
You shoot an arrow. The arrow hits the river rat.
The river rat is lightly wounded.
The river rat bites you.
You shoot an arrow. The arrow closely misses the river rat.
You shoot an arrow. The arrow hits the worm.
The worm is lightly wounded.
You shoot an arrow. The arrow barely misses the worm.
You shoot an arrow. The arrow hits the worm.
The worm is lightly wounded.
You shoot an arrow. The arrow hits the worm.
The worm is heavily wounded.
The worm bites you!
You shoot an arrow. The arrow hits the worm!
The worm is almost dead.
You shoot an arrow. The arrow hits the worm.
You kill the worm!
You shoot an arrow. The arrow hits the river rat.
The river rat is moderately wounded.
The river rat barely misses you.
You shoot an arrow. The arrow barely misses the river rat.
The river rat barely misses you.
You shoot an arrow. The arrow hits the river rat.
The river rat is heavily wounded.
The river rat barely misses you.
You shoot an arrow. The arrow hits the river rat.
The river rat is severely wounded.
The river rat bites you.
You die...

#.##.# ##~##.##
#~~~#..#########
#~~~##.........#
##~########....# #~#
#....# #~# #....#
##~########....#
#@~~#..........#
~~~~~~r~~~#..........#
#~######~##...###..:.#
###..#..####### ..
#.....(..####
..#.##.###........
..............####
#..............# #
#...####)####.(#


You could see a river rat.

Vanquished Creatures
  Ijyb (D:3)
  An adder (D:2)
  A river rat (D:3)
  A worm (D:3)
  A dart slug (D:1)
  3 bats
  6 endoplasms
  3 giant cockroaches
  3 goblins
  4 hobgoblins (D:1)
  2 jackals (D:2)
  3 quokkas
  2 ball pythons (D:2)
  2 frilled lizards
  3 kobolds
  2 rats (D:1)
38 creatures vanquished.

Notes
Turn   | Place    | Note
-------+----------+-------------------------------------------
     0 | D:1      | qw the Deep Elf Hunter began the quest for the Orb.
     0 | D:1      | Reached XP level 1. HP: 12/12 MP: 3/3
     0 | D:1      | 0 ||| qw: Version: 0.3-a-22-g0ed2b0b
     0 | D:1      | 0 ||| qw: Game counter: 5750
     0 | D:1      | 0 ||| qw: Melee chars always use a shield: true
     0 | D:1      | 0 ||| qw: God list: Okawaru
     0 | D:1      | 0 ||| qw: Allow faded altars: false
     0 | D:1      | 0 ||| qw: Do Orc after clearing Dungeon:15 true
     0 | D:1      | 0 ||| qw: Do second Lair branch before Depths: true
     0 | D:1      | 0 ||| qw: Lair rune preference: random
     0 | D:1      | 0 ||| qw: Goals: Normal
     0 | D:1      | 0 ||| PLANNING D:1-11
    82 | D:1      | Reached XP level 2. HP: 14/16 MP: 4/4
    86 | D:1      | Reached skill level 6 in Ranged Weapons
   224 | D:1      | Found a faded altar of an unknown god.
   747 | D:1      | 747 ||| READING scroll labelled UNEETUI OFAINTO.
   748 | D:1      | 748 ||| READING scroll labelled GUS ODYSMAXASE.
   749 | D:1      | 749 ||| READING scroll labelled QAJ CAUHOT ORA.
   750 | D:1      | 750 ||| READING scroll labelled FEFYGG LEDYKYA.
   751 | D:1      | 751 ||| READING scroll labelled WUSTRILAYTUE.
   755 | D:1      | 755 ||| READING scroll labelled ECIEPP ICLOZUBB.
   756 | D:1      | 756 ||| DROPPING scroll of butterflies.
   823 | D:2      | Reached XP level 3. HP: 20/20 MP: 5/5
  1315 | D:2      | Reached skill level 7 in Ranged Weapons
  1330 | D:2      | 1330 ||| UPGRADING to +0 helmet.
  1335 | D:2      | 1335 ||| READING scroll labelled WUMOIR IMUKO.
  1336 | D:2      | 1336 ||| DRINKING 2 glowing golden potions.
  1361 | D:3      | Noticed Ijyb
  1362 | D:3      | 1362 ||| PLANNING SEWER
  1376 | D:3      | Killed Ijyb
  1377 | D:3      | Reached XP level 4. HP: 16/25 MP: 6/6
  1518 | D:3      | HP: 1/25 [worm (7)]
  1524 | D:3      | Slain by a river rat

Levels and vault maps discovered:
D:1:      mrwooster_arrival_arrow, layout_loops_ring,
          chequers_ecumenical_altar_simple
D:2:      layout_basic
D:3:      layout_rooms, gup_sewer_entry_bubbles, uniq_ijyb

Skill      XL: |  1  2  3 |
---------------+----------+-----
Ranged Weapons | 6 7 |  7.7
Fighting       | |  1.5
Dodging        | |  2.4
Stealth        | |  1.2

Action                     |  1- 3 |  4- 6 || total
---------------------------+-------+-------++-------
   Fire: Shortbow          |   116 |    35 ||   151
    Use: Scroll            |     7 |       ||     7
         Potion            |     1 |       ||     1
 Armour: Leather armour    |     7 |     4 ||    11
  Dodge: Dodged            |    31 |    11 ||    42

Table legend:
 A = Non-vault XP
 B = Vault XP
 C = Vault XP percentage of total XP
 D = Non-vault monster count
 E = Vault monster count
 F = Vault count percentage of total count
                 A         B        C        D         E       F
            +---------+---------+-------+---------+---------+-------
      Total |      74 |      56 |  43.1 |      34 |       4 |  10.5
            +---------+---------+-------+---------+---------+-------
        D:1 |      38 |       0 |   0.0 |      20 |       0 |   0.0
        D:2 |      34 |       0 |   0.0 |      13 |       0 |   0.0
        D:3 |       2 |      56 |  96.6 |       1 |       4 |  80.0
            +---------+---------+-------+---------+---------+-------
